 Dungeon Crawl Stone Soup version 0.29-a0-838-g385bb11a5b (webtiles) character file.

Game seed: 15083968992683943423

77 zeratav the Stinger (level 4, -2/27 HPs)
             Began as an Octopode Venom Mage on July 13, 2022.
             Killed from afar by a white imp (4 damage)
             ... with a puff of frost
             ... summoned by Natasha
             ... on level 2 of the Dungeon.
             The game lasted 00:02:17 (2529 turns).

zeratav the Stinger (Octopode Venom Mage)           Turns: 2529, Time: 00:02:17

Health: -2/27      AC:  5    Str:  7    XL:     4   Next: 33%
Magic:  2/7        EV: 13    Int: 19    God:
Gold:   130        SH:  0    Dex: 12    Spells: 6/7 levels left

rFire   . . .      SeeInvis .   b - +0 dagger {short}
rCold   . . .      Faith    .   (no shield)
rNeg    . . .      Spirit   .   (helmet restricted)
rPois   .          Reflect  .   (no amulet)
rElec   .          Harm     .   h - +4 ring of protection
rCorr   .          Rampage  .   j - ring of flight
Will    .....                   (no ring)
Stlth   ++++......              (no ring)
HPRegen 0.09/turn               (no ring)
MPRegen 0.10/turn               (no ring)
                                (no ring)
                                (no ring)

@: flying, very slightly contaminated
A: almost no armour, amphibious, 8 rings, camouflage 1, gelatinous body 1,
(nimble swimmer 1), tentacles
a: no special abilities


You were on level 2 of the Dungeon.
You visited 1 branch of the dungeon, and saw 2 of its levels.

You collected 130 gold pieces.


Innate Abilities, Weirdness & Mutations

You cannot wear most types of armour.
You are amphibious.
You can wear up to eight rings at the same time.
Your skin changes colour to match your surroundings (Stealth+).
Your rubbery body absorbs attacks. (AC +1, EV +1)
((You are camouflaged when in or above water. (Stealth+)))
You have tentacles for arms and can constrict up to eight enemies at once.


   Skills:
 - Level 2.0 Dodging
 + Level 4.8 Stealth
 - Level 2.0 Spellcasting
 - Level 1.0 Transmutations
 + Level 5.0 Poison Magic


You had 6 spell levels left.
You knew the following spells:

 Your Spells              Type           Power      Damage    Failure   Level
a - Sting                 Tmut/Pois      52%        1d5       4%          1

Your spell library contained the following spells:

 Spells                   Type           Power      Damage    Failure   Level
 Poisonous Vapours        Pois/Air       22%        N/A       9%          2
 Olgreb's Toxic Radiance  Pois           21%        N/A       22%         4
 Mephitic Cloud           Conj/Pois/Air  8%         N/A       26%         3

Inventory:

Hand Weapons
 b - a +0 dagger (weapon) {short}
   (You took it off a goblin on level 1 of the Dungeon)
Jewellery
 h - a +4 ring of protection (left tentacle)
   (You found it on level 1 of the Dungeon)
 j - a ring of flight (right tentacle)
   (You found it on level 2 of the Dungeon)
Wands
 m - a wand of flame (17)
   (You found it on level 2 of the Dungeon)
Scrolls
 d - 4 scrolls of identify {unknown}
 e - 2 scrolls of teleportation {unknown}
 f - 2 scrolls of immolation {unknown}
 g - a scroll of magic mapping {unknown}
 k - 2 scrolls of amnesia {unknown}
 l - a scroll of noise {unknown}
Potions
 a - a potion of magic
 c - 3 potions of degeneration {unknown}
 i - 2 potions of curing {unknown}

Dungeon Overview and Level Annotations

Branches:
Dungeon (2/15) Zot: 9471

Altars:

Annotations:
D:2 Natasha

#.#..........................#.#
#.#.#############.#.########.#.#
#.#.#........ #.#.#........#.#
#.#.#.###### #.#.#.########.#
#............ #.#.#.#.....(..#
#.#.###.###########.#.#.########
#..... ..###.....##.#.#.#
#.#.### .'#.......#.#.#.# #.#.#
..#...h@..#.#.#.# #.#.#
..'...5...'.#.#.# #.#.#
.##.......#.#.#.# #.#..
#......[#.#.#.# ##.....##.#.#.#
########.#.#.# ........#.#.#
#.#<......#.# #########.########


You could see Natasha (very poisoned) and a white imp (summoned).


Message History

HP[-8]
You take 8 damage, and now have 2/21 hp.
MASSIVE DAMAGE!! (PAUSE)
You hit Natasha.
You kill Natasha!
You hear a faint echoing roar filled with hate and sorrow!
The shadow imp disappears in a puff of smoke!
Your Poison Magic skill increases to level 5!
You have reached level 4!
HP[+1] MP[+1]
You now have 27 max hp (+6).
Your mp is fully restored (7).
You start resting.
HP[+24]
Your hp is fully restored (27).
You see here 6 stones {throwing}.
You see here 3 stones {throwing}.
You see here a +0 leather armour.
l - a scroll labelled RUXZUSHROA CUN NUOL
k - 2 scrolls labelled DAH GOIWNICO (gained 1)
c - 3 amethyst potions (gained 1)
You now have 125 gold pieces (gained 18).
Found a stone staircase leading up.
You now have 130 gold pieces (gained 5).
m - a wand of flame (17) Natasha, Servant of Life and Death comes into view.
Natasha hisses angrily.
Natasha mumbles some strange words.
There is an open door here.
Natasha closely misses you. The white imp closely misses you.
Casting: Sting (safe; 4% risk of failure)
Confirm with . or Enter, or press ? or * to list all spells.
Aiming: Sting (safe; 4% risk of failure)
Press: ? - help, Shift-Dir - straight line, f - Natasha
Aim: Natasha (64% to hit)
The sting misses Natasha.
Natasha stares at you and mumbles some strange words.
The magic dart hits you. The white imp misses you.
HP[-6] MP[-1]
You take 6 damage, and now have 21/27 hp.
MASSIVE DAMAGE!! (PAUSE)
You lost 1 mp, and now have 6/7 mp.
Casting: Sting (safe; 4% risk of failure)
Confirm with . or Enter, or press ? or * to list all spells.
Aiming: Sting (safe; 4% risk of failure)
Press: ? - help, Shift-Dir - straight line, f/p - Natasha
Aim: Natasha (64% to hit)
The sting hits Natasha.
Natasha is poisoned.
Natasha stares at you and mumbles some strange words.
The magic dart hits you but does no damage.
The white imp misses you.
MP[-1]
You lost 1 mp, and now have 5/7 mp.
Casting: Sting (safe; 4% risk of failure)
Confirm with . or Enter, or press ? or * to list all spells.
Aiming: Sting (safe; 4% risk of failure)
Press: ? - help, Shift-Dir - straight line, f/p - Natasha
Aim: Natasha (moderately wounded, poisoned, 64% to hit)
The sting misses Natasha.
Natasha barely misses you. The white imp gestures at you.
The puff of frost hits you!
* * * LOW HITPOINT WARNING * * *
HP[-11] MP[-1]
You take 11 damage, and now have 10/27 hp.
MASSIVE DAMAGE!! (PAUSE)
You lost 1 mp, and now have 4/7 mp.
Casting: Sting (safe; 4% risk of failure)
Confirm with . or Enter, or press ? or * to list all spells.
Aiming: Sting (safe; 4% risk of failure)
Press: ? - help, Shift-Dir - straight line, f/p - Natasha
Aim: Natasha (moderately wounded, poisoned, 64% to hit)
You miscast Sting.
You are very lightly contaminated with residual magic.
Nothing appears to happen.
Natasha casts a spell at you. You resist with some effort.
The white imp gestures at you. The puff of frost hits you!
* * * LOW HITPOINT WARNING * * *
HP[-7] MP[-1]
You take 7 damage, and now have 3/27 hp.
MASSIVE DAMAGE!! (PAUSE)
You lost 1 mp, and now have 3/7 mp.
Casting: Sting (safe; 4% risk of failure)
Confirm with . or Enter, or press ? or * to list all spells.
Aiming: Sting (safe; 4% risk of failure)
Press: ? - help, Shift-Dir - straight line, f/p - Natasha
Aim: Natasha (moderately wounded, poisoned, 64% to hit)
The sting hits Natasha.
Natasha looks even sicker.
Natasha stares at you and mumbles some strange words.
You resist with some effort.
The white imp hits you but does no damage.
MP[-1]
You lost 1 mp, and now have 2/7 mp.
You closely miss Natasha. You grab Natasha.
You constrict Natasha, but do no damage.
Natasha claws you.
* * * LOW HITPOINT WARNING * * *
The white imp gestures at you. The puff of frost hits you.
You die...

Skill      XL: |  1  2  3 |
---------------+----------+-----
Stealth        | 3 4 |  4.8
Poison Magic   | 4 5 |  5.0
Dodging        | |  2.0
Spellcasting   | |  2.0
Transmutations | |  1.0

Action                   |  1- 3 |  4- 6 || total
-------------------------+-------+-------++-------
Melee: Unarmed           |     2 |       ||     2
       Dagger            |    37 |     1 ||    38
       Tentacles         |    12 |       ||    12
       Constrict         |    10 |     1 ||    11
       Punch             |     1 |       ||     1
 Cast: Sting             |    33 |     4 ||    37
 Stab: Sleeping          |     4 |       ||     4
Armor: Skin              |     6 |     2 ||     8
Dodge: Dodged            |    42 |     5 ||    47

Levels and vault maps discovered:
D:1:      dpeg_arrival_tiny_h, layout_basic, shapermc_ecumenical_altar_ellora,
          minmay_pentomino_t4
D:2:      layout_basic, chequers_decorated_corner, chequers_arboretum,
          small_statue_intersection, kennysheep_flooded_box, minmay_cut_off,
          uniq_natasha

Notes
Turn   | Place    | Note
-------+----------+-------------------------------------------
     0 | D:1      | zeratav the Octopode Venom Mage began the quest for the
                  | Orb.
     0 | D:1      | Reached XP level 1. HP: 11/11 MP: 3/3
     0 | D:1      | magus.rc [v1.9.6]
    83 | D:1      | Reached skill level 3 in Stealth
   250 | D:1      | Found a faded altar of an unknown god.
   254 | D:1      | Reached XP level 2. HP: 17/17 MP: 5/5
   433 | D:1      | Reached skill level 4 in Poison Magic
  1767 | D:2      | Reached skill level 4 in Stealth
  1767 | D:2      | Reached XP level 3. HP: 20/21 MP: 0/6
  2091 | D:2      | Noticed Natasha
  2113 | D:2      | HP: 3/21 [Natasha (7)]
  2114 | D:2      | Killed Natasha
  2115 | D:2      | Reached skill level 5 in Poison Magic
  2115 | D:2      | Reached XP level 4. HP: 3/27 MP: 7/7
  2519 | D:2      | Noticed Natasha
  2527 | D:2      | HP: 3/27 [white imp/puff of frost[Natasha] (7)]
  2529 | D:2      | Killed from afar by a white imp

Vanquished Creatures
  Natasha (D:2)
  3 gnolls (D:2)
  3 bats (D:1)
  An endoplasm (D:2)
  A giant cockroach (D:1)
  2 goblins (D:1)
  5 hobgoblins
  2 ball pythons (D:1)
  3 frilled lizards (D:1)
  3 kobolds (D:1)
  A rat (D:1)
25 creatures vanquished.

Table legend:
 A = Non-vault XP
 B = Vault XP
 C = Vault XP percentage of total XP
 D = Non-vault monster count
 E = Vault monster count
 F = Vault count percentage of total count
                 A         B        C        D         E       F
            +---------+---------+-------+---------+---------+-------
      Total |      72 |      38 |  34.5 |      22 |       3 |  12.0
            +---------+---------+-------+---------+---------+-------
        D:1 |      26 |       3 |  10.3 |      17 |       2 |  10.5
        D:2 |      46 |      35 |  43.2 |       5 |       1 |  16.7
            +---------+---------+-------+---------+---------+-------

Illustrated notes

Table legend:
 A = Kills in this place as a percentage of kills in entire the game.
 B = Kills by you in this place as a percentage of kills by you in the entire game.
 C = Kills by friends in this place as a percentage of kills by friends in the entire game.
 D = Other kills in this place as a percentage of other kills in the entire game.
 E = Experience gained in this place as a percentage of experience gained in the entire game.
 F = Experience gained in this place divided by the number of levels of this place that you have seen.
                   A       B       C       D       E      F
               +-------+-------+-------+-------+-------+----------------------
         Total | 100.0 | 100.0 |   N/A |   N/A | 100.0 |  55.0
       Dungeon | 100.0 | 100.0 |   N/A |   N/A | 100.0 |  55.0
               +-------+-------+-------+-------+-------+----------------------

Table legend: (Time is in decaauts)
 A = Elapsed time spent in this place.
 B = Non-inter-level travel time spent in this place.
 C = Inter-level travel time spent in this place.
 D = Time resting spent in this place.
 E = Time spent auto-exploring this place.
 F = Levels seen in this place.
 G = Mean time per level.
                   A        B        C        D        E       F      G
               +--------+--------+--------+--------+--------+-----+--------+
         Total |   2527 |   2511 |     16 |    314 |   1976 |   2 | 1263.5 |
       Dungeon |   2527 |   2511 |     16 |    314 |   1976 |   2 | 1263.5 |
               +--------+--------+--------+--------+--------+-----+--------+

Top non-repeatable levels by time:
     D:1: 1723 daAuts
     D:2: 804 daAuts
